 Dungeon Crawl Stone Soup version 0.28.0-45-g0d030f2227 (webtiles) character file.

Game seed: 15393498981609304224

1027 WonderSloth the Ruffian (level 8, -23/80 HPs)
             Began as a Troll Monk on Apr 3, 2022.
             Annihilated by a two-headed ogre
             ... wielding a +0 giant spiked club
              (29 damage)
             ... on level 5 of the Dungeon.
             The game lasted 00:37:51 (4338 turns).

WonderSloth the Ruffian (Troll Monk)                Turns: 4338, Time: 00:37:51

Health: -23/80     AC:  4    Str: 20    XL:     8   Next: 3%
Magic:  7/7        EV: 11    Int:  6    God:
Gold:   242        SH:  0    Dex: 14    Spells: 7/7 levels left

rFire   . . .      SeeInvis .     - Unarmed
rCold   . . .      Faith    .   (no shield)
rNeg    . . .      Spirit   .   a - +0 robe
rPois   .          Reflect  .   (helmet restricted)
rElec   .          Harm     .   (no cloak)
rCorr   .          Rampage  .   (gloves unavailable)
Will    .....                   (boots unavailable)
Stlth   ++........              (no amulet)
HPRegen 1.03/turn               (no ring)
MPRegen 0.10/turn               (no ring)

@: no status effects
A: large, unfitting armour, claws 3, regeneration 1, shaggy fur 1, tough skin 1
a: no special abilities


You were on level 5 of the Dungeon.
You visited 1 branch of the dungeon, and saw 5 of its levels.

You collected 242 gold pieces.

Inventory:

Missiles
 r - 21 arrows
Armour
 a - a +0 robe (worn)
 b - a +0 pair of boots
Jewellery
 i - an amulet of regeneration
 l - the ring "Imeitua" {Will+ Str+6}
   (You found it on level 4 of the Dungeon)

   [ring of strength]

   Str:       It affects your strength (+6).
   Will:      It increases your willpower.
Wands
 m - a wand of digging (6)
 s - a wand of flame (8)
Scrolls
 e - 8 scrolls of identify {unknown}
 g - a scroll of enchant weapon {unknown}
 j - a scroll of fear {unknown}
 k - 2 scrolls of blinking {unknown}
 n - 2 scrolls of teleportation {unknown}
 p - a scroll of enchant armour {unknown}
 q - a scroll of vulnerability {unknown}
Potions
 c - a potion of flight {unknown}
 d - a potion of lignification {unknown}
 f - 3 potions of curing {unknown}
 h - a potion of mutation {unknown}
 o - a potion of attraction {unknown}
 t - a potion of brilliance {unknown}
 u - a potion of ambrosia {unknown}


   Skills:
 + Level 5.0 Fighting
 + Level 5.0 Dodging
 - Level 1.0 Stealth
 + Level 6.3 Unarmed Combat


You had 7 spell levels left.
You didn't know any spells.
Your spell library contained the following spells:

 Spells                   Type           Power      Damage    Failure   Level
 Shock                    Conj/Air       0%         1d3       45%         1
 Ensorcelled Hibernation  Hex/Ice        0%         N/A       58%         2
 Passwall                 Tmut/Erth      0%         N/A       58%         2
 Sublimation of Blood     Necr           0%         N/A       58%         2
 Wereblood                Tmut           0%         N/A       58%         2
 Confusing Touch          Hex            0%         N/A       83%         3
 Swiftness                Air            0%         N/A       83%         3
 Airstrike                Air            0%         N/A       99%         4
 Yara's Violent Unravell  Hex/Tmut       0%         3d3       100%        5
 Enfeeble                 Hex            0%         N/A       100%        7
 Summon Hydra             Summ           0%         N/A       100%        7


Dungeon Overview and Level Annotations

Branches:
Dungeon (5/15)
 Temple: D:4-7

Altars:
Dithmenos
Hepliaklqana
Kikubaaqudgha
Uskayaw
Zin

Shops:
D:2 [   D:3 [


Innate Abilities, Weirdness & Mutations

You are too large for most types of armour.
You have claws for hands.
Your natural rate of healing is unusually fast.
You are covered in fur. (AC +1)
You have tough skin. (AC +1)


Message History

You claw the necrophage!
The necrophage is moderately damaged.
A hound comes into view.
You closely miss the necrophage.
The necrophage is moderately damaged.
The necrophage hits you.
You feel drained.
You closely miss the necrophage.
The necrophage is moderately damaged.
The necrophage barely misses you.
You scratch the necrophage but do no damage.
The necrophage is moderately damaged.
You claw the necrophage!
The necrophage is almost destroyed.
The necrophage barely misses you.
You closely miss the necrophage.
The necrophage is almost destroyed.
The necrophage hits you!
You feel drained.
You claw the necrophage!
You destroy the necrophage!
Your life force feels restored.
Your Fighting skill increases to level 5!
Your Dodging skill increases to level 5!
You have reached level 8!
You scratch the iguana.
The iguana is lightly wounded.
You scratch the two-headed ogre.
The two-headed ogre is lightly wounded.
The orc priest calls down the wrath of Beogh upon you.
Beogh smites you!
You scratch the two-headed ogre.
The two-headed ogre is lightly wounded.
The two-headed ogre hits you with a +0 giant spiked club!!
The two-headed ogre hits you with a +0 dire flail!!
* * * LOW HITPOINT WARNING * * *
You claw the two-headed ogre!
The two-headed ogre is moderately wounded.
You scratch the two-headed ogre. Your claw misses the two-headed ogre.
The two-headed ogre is heavily wounded.
The two-headed ogre hits you with a +0 giant spiked club!!
You die...

#....####.........####.........##
#.......'.........+..............
.....###...#####..#.##...#.#.#.##
.....# #..## ##............#.##
.....# #..# #.####...........
.....# #..# ###?/##.##.###.##
...#.# #..# #cZ..#.##.# #.#
#.##.# ##.## +#Olho$#.##.# #.# #.
..# ##.#####@# #.##.# #.#
##....#'# ..##.# #.#
######..##.## .###.# #..
.####...#...)).)# # #.# ###
........##..##.##.. ..#
.####........###..#
#######......# #....### #.####


You could see a two-headed ogre, a centaur, an iguana, a hound, an orc and a
hound zombie.

Vanquished Creatures
  The ghost of croobank the Prestidigitator, an amateur GnWn (D:4)
  A water moccasin (D:4)
  2 necrophages
  A phantom (D:4)
  A scorpion (D:4)
  A hound (D:5)
  2 orc priests (D:3)
  A gnoll shaman (D:5)
  Natasha (twice) (D:3)
  An orc wizard (D:4)
  A hound skeleton (D:4)
  7 adders
  3 gnolls (D:5)
  A howler monkey skeleton (D:4)
  A shadow imp (D:4)
  An ufetubus (D:4)
  A worm (D:3)
  2 dart slugs
  9 orcs
  8 bats
  12 endoplasms
  2 giant cockroaches
  6 goblins
  8 hobgoblins
  13 jackals
  3 kobolds
  5 quokkas
  6 ball pythons
  A frilled lizard (D:1)
  6 rats
109 creatures vanquished.

Notes
Turn   | Place    | Note
-------+----------+-------------------------------------------
     0 | D:1      | WonderSloth the Troll Monk began the quest for the Orb.
     0 | D:1      | Reached XP level 1. HP: 22/22 MP: 0/0
   331 | D:1      | Reached XP level 2. HP: 29/29 MP: 1/1
   708 | D:1      | Found a faded altar of an unknown god.
   717 | D:1      | Reached XP level 3. HP: 36/36 MP: 2/2
   953 | D:2      | Found Noirph's Antique Armour Shoppe.
  1033 | D:2      | Reached skill level 4 in Unarmed Combat
  1080 | D:2      | Reached XP level 4. HP: 40/45 MP: 3/3
  1330 | D:3      | Found Fiysk's Armour Shoppe.
  1461 | D:3      | Reached XP level 5. HP: 17/53 MP: 4/4
  1559 | D:3      | Noticed Natasha
  1565 | D:3      | Killed Natasha
  2004 | D:3      | Found a hide-covered altar of Uskayaw.
  2004 | D:3      | Found a shadowy altar of Dithmenos.
  2237 | D:3      | Noticed Natasha
  2253 | D:3      | Killed Natasha
  2306 | D:4      | Noticed a phantom
  2322 | D:4      | Killed a phantom
  2323 | D:4      | Reached XP level 6. HP: 50/62 MP: 5/5
  2380 | D:4      | Found an ancient bone altar of Kikubaaqudgha.
  2416 | D:4      | Reached skill level 5 in Unarmed Combat
  2469 | D:4      | Found a hazy altar of Hepliaklqana.
  2539 | D:4      | Noticed a water moccasin
  2539 | D:4      | Noticed croobank's ghost (amateur GnWn)
  2578 | D:4      | Identified the ring "Imeitua" {Will+ Str+6}
  2908 | D:4      | Found a runed translucent gate.
  2910 | D:4      | Found a runed translucent gate.
  2911 | D:4      | Found a runed translucent gate.
  3042 | D:4      | Reached XP level 7. HP: 69/70 MP: 6/6
  3339 | D:4      | Killed croobank's ghost
  3340 | D:4      | Reached skill level 6 in Unarmed Combat
  3452 | D:5      | Entered Level 5 of the Dungeon
  3563 | D:5      | Noticed a two-headed ogre
  4155 | D:5      | Found a glowing silver altar of Zin.
  4334 | D:5      | Reached skill level 5 in Fighting
  4334 | D:5      | Reached skill level 5 in Dodging
  4334 | D:5      | Reached XP level 8. HP: 64/80 MP: 7/7
  4336 | D:5      | HP: 4/80 [two-headed ogre/+0 giant spiked club (24)]
  4338 | D:5      | Annihilated by a two-headed ogre

Illustrated notes

Levels and vault maps discovered:
D:1:      roderic_dead_forest, layout_rooms,
          shapermc_ecumenical_altar_notcrosses
D:2:      layout_rooms, serial_shops, shop_statue, kennysheep_generic_room_7
D:3:      layout_basic, gammafunk_temple_overflow_statue, serial_shops,
          nicolae_shop_crystal, serial_park_tiny_pond, uniq_natasha,
          uniq_jessica
D:4:      layout_loops_ring, old_standard_altar,
          worldfamousw_hep_ancestral_shrine, gammafunk_ghost_split,
          minmay_fractal_squares_gapless_5
D:5:      layout_loops_corners, zin_academy, okawaru_altar_gauntlet_db,
          minmay_joined_circles

Skill      XL: |  1  2  3  4  5  6  7 |
---------------+----------------------+-----
Fighting       | 3 4 5 |  5.0
Unarmed Combat | 4 5 6 |  6.3
Dodging        | 3 4 5 |  5.0
Stealth        | |  1.0

Action                   |  1- 3 |  4- 6 |  7- 9 || total
-------------------------+-------+-------+-------++-------
Melee: Unarmed           |   112 |   120 |    82 ||   314
       Punch             |     1 |     4 |     2 ||     7
 Stab: Sleeping          |     1 |     4 |     1 ||     6
       Distracted        |       |     1 |       ||     1
Armor: Robe              |    56 |    19 |    17 ||    92
Dodge: Dodged            |    66 |    43 |    45 ||   154
